 Dungeon Crawl Stone Soup version 0.24.0-13-gcf9b319 (webtiles) character file.

Game seed: 12658982174546512289, levelgen mode: deterministic

16 Bronimir the Grasshopper (level 2, 0/24 HPs)
             Began as a Centaur Warper on Mar 2, 2020.
             Succumbed to an adder's poison
             ... on level 2 of the Dungeon.
             The game lasted 00:02:00 (976 turns).

Bronimir the Grasshopper (Centaur Warper)            Turns: 976, Time: 00:02:01

Health: 0/24       AC:  5    Str: 13    XL:     2   Next: 37%
Magic:  0/4        EV: 13    Int: 12    God:
Gold:   39         SH:  3    Dex: 13    Spells: 0/4 levels left

rFire    . . .     SeeInvis .   a - +0 spear
rCold    . . .     Gourm    .   m - +0 buckler
rNeg     . . .     Faith    .   r - +0 ring mail
rPois    .         Spirit   .   (no helmet)
rElec    .         Reflect  .   (no cloak)
rCorr    .         Harm     .   (no gloves)
MR       .....                  (no barding)
Stlth    +.........             (no amulet)
HPRegen  0.08/turn              (no ring)
MPRegen  0.09/turn              (no ring)

@: agile, lethally poisoned (0 -> -9), very slightly contaminated, very quick
A: large, hooves 3, deformed body, speed 2, tough skin 3
a: no special abilities


You were on level 2 of the Dungeon.
You were not hungry.

You visited 1 branch of the dungeon, and saw 2 of its levels.

You collected 39 gold pieces.

Inventory:

Hand Weapons
 a - a +0 spear (weapon)
 p - a +0 whip
Missiles
 e - 5 boomerangs of dispersal (quivered)
 i - 17 bolts
 q - 12 arrows
Armour
 b - a +0 leather armour
 m - a +0 buckler (worn)
 r - a +0 ring mail (worn)
Scrolls
 c - 2 scrolls of identify {unknown}
 d - a scroll of blinking
 g - 2 scrolls of fog {unknown}
 h - a scroll of random uselessness {unknown}
 j - a scroll of remove curse {unknown}
 k - a scroll of enchant armour {unknown}
 l - 2 scrolls of amnesia {unknown}
Potions
 n - a potion of agility
Comestibles
 f - 5 rations


   Skills:
 + Level 2.1 Fighting
 + Level 2.2 Polearms
 + Level 1.2 Throwing
 * Level 0.6 Armour
 + Level 1.5 Dodging
 + Level 1.8 Spellcasting
 + Level 2.6 Translocations


You couldn't memorise any spells.
You knew the following spells:

 Your Spells              Type           Power        Failure   Level  Hunger
a - Blink                 Tloc           N/A          45%         2    ###....
b - Shroud of Golubria    Chrm/Tloc      #.....       65%         2    ###....

Your spell library contained the following spells:

 Spells                   Type           Power        Failure   Level  Hunger
 Gell's Gravitas          Tloc           #.........   69%         3    ####...
 Lesser Beckoning         Tloc           #.........   69%         3    ####...
 Teleport Other           Tloc           #.......     69%         3    ####...
 Passage of Golubria      Tloc           N/A          97%         4    #####..


Dungeon Overview and Level Annotations

Branches:
Dungeon (2/15)

Altars:


Innate Abilities, Weirdness & Mutations

You have hooves in place of feet.
Armour fits poorly on your strangely shaped body.
You cover ground very quickly.
You have extremely tough skin. (AC +3)


Message History

You feel sick. You block the adder's attack.
You closely miss the adder. Your kick misses the adder.
The adder is heavily wounded.
* * * LOW HITPOINT WARNING * * *
You feel sick. The adder bites you.
* * * LOW HITPOINT WARNING * * *
Cast which spell? (? or * to list)
You miscast Blink.
You are very lightly contaminated with residual magic.
The world appears momentarily distorted!
The adder barely misses you. The adder closely misses you.
Casting: Blink (safe; 45% risk of failure)
Confirm with . or Enter, or press ? or * to list all spells.
You miscast Blink.
The world appears momentarily distorted!
* * * LOW HITPOINT WARNING * * *
You feel sick. The adder bites you but does no damage.
It was a potion of agility.
You feel agile all of a sudden.
You die...

## ≈##
≈≈## ##
≈≈≈ ##.
..
#.#..#.#
#....S.#
#@.#
#..#
#..#
#<.#
#..#
#..#
....
.....
.#.#[##


You could see an adder.

Vanquished Creatures
  An ooze (D:1)
  2 bats (D:1)
  A giant cockroach (D:1)
  3 goblins (D:1)
  A hobgoblin (D:1)
  A frilled lizard (D:1)
  2 rats (D:1)
11 creatures vanquished.

Notes
Turn   | Place    | Note
-------+----------+-------------------------------------------
     0 | D:1      | Bronimir the Centaur Warper began the quest for the Orb.
     0 | D:1      | Reached XP level 1. HP: 17/17 MP: 3/3
   286 | D:1      | Reached XP level 2. HP: 24/24 MP: 4/4
   642 | D:1      | Learned a level 2 spell: Blink
   645 | D:1      | Learned a level 2 spell: Shroud of Golubria
   975 | D:2      | HP: 1/24 [poisoned by an adder]
   976 | D:2      | Succumbed to an adder's poison

Levels and vault maps discovered:
D:1:      elethiomel_arrival_infinity_welcomes_careful_drivers, layout_basic,
          minmay_cut_off
D:2:      layout_loops_ring, marbit_many_paths, serial_rivers,
          chequers_serial_rivers_micro_d, chequers_serial_rivers_small_a,
          chequers_serial_rivers_large_b, chequers_serial_rivers_small_a,
          chequers_serial_rivers_marsh, trog_hazing_becter

Skill      XL: |  1 |
---------------+----+-----
Polearms       | 2 |  2.2
Fighting       | |  2.1
Throwing       | |  1.2
Armour         | |  0.6
Dodging        | |  1.5
Spellcasting   | |  1.8
Translocations | |  2.6

Action                   || total
-------------------------++-------
Melee: Spear             ||    53
       Kick              ||     6
  Use: Potion            ||     1
Armor: Leather armour    ||    19
       Ring mail         ||     9
Dodge: Dodged            ||    17
Block: Buckler           ||     4
